 Dungeon Sprint DCSS version 0.21.1-1-g345015f (webtiles) character file.

1453 Fang the Cleaver (level 8, 0/84 (86) HPs)
             Began as a Minotaur Berserker on May 24, 2018.
             Was a High Priest of Trog.
             Slain by a harpy (3 damage)
             ... summoned by Kirke
             ... in the Dungeon (Sprint II: "The Violet Keep of Menkaure").
             The game lasted 00:04:52 (1432 turns).

Fang the Cleaver (Minotaur Berserker)               Turns: 1432, Time: 00:04:53

HP:   0/84 (86)     AC:  0    Str: 23    XL:     8   Next: 47%
MP:   6/6           EV: 18    Int:  4    God:    Trog [*****.]
Gold: 59            SH:  0    Dex: 11    Spells: 7/7 levels left

rFire    . . .     SeeInvis .   (weapon currently unavailable)
rCold    . . .     Gourm    .   (shield currently unavailable)
rNeg     . . .     Faith    .   (armour currently unavailable)
rPois    .         Spirit   .   (helmet currently unavailable)
rElec    .         Reflect  .   (cloak currently unavailable)
rCorr    .         Harm     .   (gloves currently unavailable)
MR       .....     NoTele   +   (boots currently unavailable)
Stlth    +.........             (no amulet)
HPRegen  0.24/turn              (ring currently unavailable)
MPRegen  0.10/turn              (ring currently unavailable)

@: pig-form, berserk cooldown, slowed, very slow
A: small, (retaliatory headbutt), low mp 1, mutation resistance 1
a: Berserk, Trog's Hand, Brothers in Arms, Burn Spellbooks, Renounce Religion


You were in the Dungeon.
You worshipped Trog.
Trog was extremely pleased with you.
You were not hungry.
You were a filthy swine.
You visited 1 branch You collected 972 gold pieces.
You spent 913 gold pieces at shops.

Inventory:

Hand Weapons
 j - a +2 war axe of chopping (melded)
Armour
 a - a +1 pair of boots (melded)
 b - a +0 animal skin (melded)
Scrolls
 i - a scroll of blinking
Potions
 d - a potion of curing
 e - a potion of heal wounds
 f - a potion of haste
 g - 2 potions of magic
 h - a potion of berserk rage
Comestibles
 c - 8 rations


   Skills:
 + Level 13.6 Fighting
 + Level 14.5 Axes
 + Level 7.0 Armour
 + Level 7.7 Dodging
 + Level 0.4 Stealth


You had 7 spell levels left.
You didn't know any spells.

Dungeon Overview and Level Annotations

Branches:
Dungeon (1/1)

Altars:

Shops:
D (}:!:==([[!(%?:!

Annotations:
D exclusion: oklob plant, Kirke


Innate Abilities, Weirdness & Mutations

((You reflexively headbutt those who attack you in melee.))
((You have a pair of horns on your head.))
((You have sharp toenails.))
Your magical capacity is low. (-10% MP)
You are somewhat resistant to further mutation.


Message History

Kirke is moderately wounded.
The kobold demonologist casts a cantrip, but nothing happens.
The white imp shouts, "Scamper hence, thou bumbling flat-headed malt-worm!"
You closely miss Kirke.
Kirke is moderately wounded.
Kirke misses you.
Your unstable footing causes you to fumble your attack.
Your unstable footing causes you to fumble your attack.
You are no longer berserk.
You are exhausted.
You feel yourself slow down. Kirke hits you.
* * * LOW HITPOINT WARNING * * *
You barely miss Kirke.
Kirke is moderately wounded.
Kirke gestures wildly while chanting.
Kirke summons some harpies!
You bite Kirke!
Kirke is moderately wounded.
The harpy claws you.
You die...

### #55c#### #5KYz@h##
############≈H#+++#++
###########≈≈H.......
##........#≈≈≈≈.##+##
##...⌠....#≈≈≈≈## ##
##..∩.∩...#≈≈≈≈#.###.#
##.∩.∩.∩..#≈≈####.#.#### #
##∩.∩.∩.∩.#≈##.###'###.## .#
##.∩...∩.∩#≈#...##.##...#..#


You could see Kirke, an elephant, a skeletal warrior, a centaur warrior, a
kobold demonologist, 2 harpies, a quasit, a white imp and an ufetubus.

Vanquished Creatures
  2 tyrant leeches (D)
  2 hippogriffs (D)
  A vampire mosquito (D)
  Menkaure (D)
  4 necrophages (D)
  4 worker ants (D)
14 creatures vanquished.

Vanquished Creatures (others)
  A crocodile (D)
1 creature vanquished.

Grand Total: 15 creatures vanquished

Notes
Turn   | Place    | Note
-------+----------+-------------------------------------------
     0 | D        | Fang the Minotaur Berserker began the quest for the Orb.
     0 | D        | Reached XP level 1. HP: 19/19 MP: 0/0
     1 | D        | Noticed a necrophage
     1 | D        | Noticed a necrophage
     1 | D        | Noticed a necrophage
     1 | D        | Noticed a necrophage
     5 | D        | Noticed a tyrant leech
     5 | D        | Noticed a tyrant leech
     9 | D        | Killed a necrophage
     9 | D        | Reached skill level 7 in Axes
     9 | D        | Reached XP level 2. HP: 33/33 MP: 1/1
     9 | D        | Reached XP level 3. HP: 38/38 MP: 2/2
     9 | D        | Reached XP level 4. HP: 46/46 MP: 3/3
    10 | D        | Killed a necrophage
    10 | D        | Reached skill level 8 in Axes
    10 | D        | Reached XP level 5. HP: 55/55 MP: 4/4
    12 | D        | Killed a necrophage
    12 | D        | Reached ** piety under Trog
    12 | D        | Reached skill level 9 in Axes
    12 | D        | Reached skill level 5 in Armour
    12 | D        | Reached skill level 5 in Dodging
    19 | D        | Killed a necrophage
    19 | D        | Reached skill level 10 in Fighting
    19 | D        | Reached skill level 10 in Axes
    19 | D        | Reached XP level 6. HP: 65/65 MP: 5/5
   218 | D        | Noticed a hippogriff
   218 | D        | Noticed a hippogriff
   233 | D        | Reached *** piety under Trog
   233 | D        | Reached skill level 11 in Axes
   266 | D        | Killed a hippogriff
   266 | D        | Reached skill level 12 in Axes
   266 | D        | Reached XP level 7. HP: 73/73 MP: 6/6
   271 | D        | Killed a hippogriff
   271 | D        | Reached **** piety under Trog
   331 | D        | Killed a tyrant leech
   331 | D        | Reached skill level 13 in Axes
   342 | D        | Killed a tyrant leech
   342 | D        | Reached XP level 8. HP: 58/84 MP: 7/7
   518 | D        | Found Meydead's Book Boutique.
   518 | D        | Found Erghoalea's Food Shop.
   518 | D        | Found Touhy's Antique Armour Boutique.
   518 | D        | Found Lifac's Distillery.
   518 | D        | Found Kacsieh's Antique Armour Shop.
   535 | D        | Found Emmoegea's Distillery.
   535 | D        | Found Ifruba's Antique Weapon Shop.
   535 | D        | Found Aleps's Antique Weapon Shop.
   536 | D        | Found Vunuut's Jewellery Shop.
   536 | D        | Found Kahyza Zimi's Jewellery Boutique.
   536 | D        | Noticed a manticore
   537 | D        | Found Mushre's Magic Scroll Boutique.
   537 | D        | Noticed a manticore
   538 | D        | Found Eqoogykenn's Book Shop.
   538 | D        | Found Detz's Distillery.
   538 | D        | Noticed Menkaure
   538 | D        | Noticed a manticore
   538 | D        | Noticed an oklob plant
   539 | D        | Found Inyawnul's Gadget Shop.
   539 | D        | Found Emesh's Weapon Boutique.
   539 | D        | Found Weireim's Book Shoppe.
   542 | D        | Noticed a great orb of eyes
   562 | D        | Killed Menkaure
   562 | D        | Reached skill level 14 in Axes
   828 | D        | Bought a runed war axe for 156 gold pieces
   842 | D        | Noticed a flying skull
   844 | D        | Noticed a flying skull
   852 | D        | Bought a potion of mutation for 80 gold pieces
   852 | D        | Gained mutation: You are agile. (Dex +2) [potion of mutation]
   852 | D        | Gained mutation: Your system is resistant to poisons. (rPois) [potion of mutation]
   857 | D        | Bought a pair of runed boots for 165 gold pieces
   864 | D        | Bought a potion of mutation for 112 gold pieces
   864 | D        | Lost mutation: You are agile. (Dex +2) [potion of mutation]
   864 | D        | Lost mutation: Your system is resistant to poisons. (rPois) [potion of mutation]
   864 | D        | Gained mutation: You are frail. (-10% HP) [potion of mutation]
   864 | D        | Gained mutation: You are somewhat resistant to further mutation. [potion of mutation]
   889 | D        | Reached ***** piety under Trog
   893 | D        | Lost mutation: You are somewhat resistant to further mutation. [potion of mutation]
   893 | D        | Lost mutation: You are frail. (-10% HP) [potion of mutation]
   893 | D        | Gained mutation: Your magical capacity is low. (-10% MP) [potion of mutation]
   893 | D        | Gained mutation: You have sharp toenails. [potion of mutation]
   893 | D        | Gained mutation: You are somewhat resistant to further mutation. [potion of mutation]
  1371 | D        | Noticed a flying skull
  1375 | D        | Noticed a flying skull
  1376 | D        | Noticed a flying skull
  1385 | D        | Bought a ration for 50 gold pieces
  1385 | D        | Bought a ration for 50 gold pieces
  1385 | D        | Bought a ration for 50 gold pieces
  1385 | D        | Bought a ration for 50 gold pieces
  1385 | D        | Bought a ration for 50 gold pieces
  1385 | D        | Bought a ration for 50 gold pieces
  1385 | D        | Bought a ration for 50 gold pieces
  1385 | D        | Bought a ration for 50 gold pieces
  1403 | D        | Noticed a centaur warrior
  1403 | D        | Noticed Kirke
  1403 | D        | Noticed a kobold demonologist
  1404 | D        | Noticed an elephant
  1404 | D        | Noticed a yaktaur captain
  1404 | D        | Noticed a skeletal warrior
  1405 | D        | Noticed a harpy
  1405 | D        | Noticed a harpy
  1411 | D        | Noticed a harpy
  1424 | D        | HP: 5/126 [Kirke (14)]
  1430 | D        | HP: 3/84 [Kirke (1)]
  1432 | D        | Noticed a harpy
  1432 | D        | Noticed a harpy
  1432 | D        | Slain by a harpy

Skill      XL: |  1  2  3  4  5  6  7  8 |
---------------+-------------------------+-----
Fighting       | 7 8 10 11 13 | 13.6
Axes           | 7 8 10 12 13 14 | 14.5
Armour         | 4 5 6 7 |  7.0
Dodging        | 3 4 5 6 7 |  7.7
Stealth        | |  0.4

Action                   |  1- 3 |  4- 6 |  7- 9 || total
-------------------------+-------+-------+-------++-------
Melee: Hand axe          |     2 |    29 |    21 ||    52
       Headbutt          |       |     6 |     6 ||    12
       Unarmed           |       |       |    19 ||    19
       War axe           |       |       |    10 ||    10
Invok: Berserk           |     1 |     1 |     3 ||     5
  Use: Potion            |       |       |     3 ||     3
  Eat: Chunk             |       |       |     3 ||     3
       Ration            |       |       |     1 ||     1
Armor: Animal skin       |       |     2 |     4 ||     6
Dodge: Dodged            |     2 |    13 |    25 ||    40
